 Dungeon Crawl Stone Soup version 0.31.0-11-ge490571c62 (webtiles) character file.

Game seed: 1242306803376690997

46 monsoonserge the Covert (level 3, -1/19 HPs)
             Began as a Spriggan Delver on Jan 30, 2024.
             Was a Believer of Uskayaw.
             Slain by a ribbon worm (2 damage)
             ... in a sewer.
             The game lasted 00:04:14 (562 turns).

monsoonserge the Covert (Spriggan Delver)            Turns: 562, Time: 00:04:15

Health: -1/19      AC:  2    Str:  8    XL:     3   Next: 44%
Magic:  4/4        EV: 18    Int: 11    God:    Uskayaw [**....]
Gold:   103        SH:  0    Dex: 18    Spells: 2/2 levels left

rFire   . . .        a - +0 short sword
rCold   . . .        (no shield)
rNeg    . . .        b - +0 robe
rPois   .            (helmet restricted)
rElec   .            (no cloak)
rCorr   .            (gloves unavailable)
SInv    +            (boots unavailable)
Will    .....        (no amulet)
Stlth   ++++         (no ring)
HPRegen 0.23/turn    (no ring)
MPRegen 0.09/turn

%: no passive effects
@: hasted, very quick
A: very small, no large weapons, unfitting armour, see invisible, speed 3
a: Renounce Religion, Stomp, Line Pass


You were in a sewer.
You worshipped Uskayaw.
Uskayaw was noncommittal.
You visited 2 branches of the dungeon, and saw 3 of its levels.
You also visited: Sewer.

You collected 103 gold pieces.

Inventory:

Hand Weapons
 a - a +0 short sword (weapon)
Armour
 b - a +0 robe (worn)
Wands
 g - a wand of digging (3)
Scrolls
 c - a scroll of fog
 d - a scroll of brand weapon {unknown}
 e - 2 scrolls of fear
 h - a scroll of teleportation {unknown}
 i - a scroll of identify {unknown}
Potions
 j - 2 potions of enlightenment


   Skills:
 + Level 2.7 Fighting
 * Level 2.7 Short Blades
 + Level 2.9 Dodging
 - Level 8.0 Stealth
 * Level 1.0 Invocations


You had 2 spell levels left.
You didn't know any spells.
Your spell library was empty.

Dungeon Overview and Level Annotations

Branches:
Dungeon (5/15)             Temple (1/1) D:4           Sewer (1/1)

Altars:
Cheibriados
Dithmenos
Elyvilon
Gozag
Hepliaklqana
Kikubaaqudgha
Okawaru
Qazlal
Trog
Uskayaw
Vehumet
Xom
Yredelemnul

Shops:
D:4 [


Innate Abilities, Weirdness & Mutations

You are very small and have problems with some larger weapons.
You are too small for most types of armour.
You have supernaturally acute eyesight. (SInv)
You cover ground extremely quickly. (Speed+++)


Message History

The ribbon worm is moderately wounded.
The ribbon worm barely misses you.
You hit the ribbon worm.
The ribbon worm is moderately wounded.
You hit the ribbon worm.
The ribbon worm is heavily wounded.
The ribbon worm misses you.
You hit the ribbon worm.
The ribbon worm is severely wounded.
The ribbon worm expels a string of sticky webbing.
The stream of webbing misses you.
You hit the ribbon worm.
The ribbon worm is severely wounded.
You can now pass through a line of other dancers.
You hit the ribbon worm but do no damage.
The ribbon worm is severely wounded.
The ribbon worm bites you.
You barely miss the ribbon worm.
The ribbon worm is severely wounded.
The ribbon worm bites you.
* * * LOW HITPOINT WARNING * * *
You feel yourself speed up. The ribbon worm completely misses you.
You barely miss the ribbon worm.
The ribbon worm is heavily wounded.
You can no longer pass through a line of other dancers.
You hit the ribbon worm.
The ribbon worm is severely wounded.
You can now pass through a line of other dancers.
You barely miss the ribbon worm.
The ribbon worm is severely wounded.
The ribbon worm expels a string of sticky webbing.
The stream of webbing hits you but does no damage.
You are caught in a web!
You struggle to detach yourself from the web.
The web tears apart.
The ribbon worm bites you.
* * * LOW HITPOINT WARNING * * *
You barely miss the ribbon worm.
The ribbon worm is severely wounded.
The ribbon worm bites you.
You die...

#############################
≈≈≈≈≈≈≈≈≈≈≈≈≈≈≈≈≈≈≈≈≈≈≈≈≈≈≈≈≈
≈≈≈≈≈≈≈≈≈≈≈≈≈≈≈≈≈≈≈≈≈≈≈≈≈≈≈≈≈
≈≈≈≈≈≈≈≈≈~~~@w~~~~.~~~~~~~~~~
### ##~≈~#####~≈~###########
..#########~≈~# #~≈~#
.~...~~~~~~~≈~#
#w≈~###########
..~≈≈≈≈≈≈≈≈.≈~#
#~≈~~~~~~.~~~~~
.~~~~~~~~~~~≈~#
#~≈~≈≈≈≈≈≈≈≈≈≈≈
.†~########~≈~#
#~≈~.~~~~.†~~~~ ..## #~≈~#
#~≈~########### ### ##~≈~#
#~≈~# ####


You could see a ribbon worm (catching breath).

Vanquished Creatures
  2 adders
  A river rat (Sewer)
  2 dart slugs (Sewer)
  An endoplasm (D:4)
  2 giant cockroaches (Sewer)
  4 ball pythons (Sewer)
  3 bats (Sewer)
  3 frilled lizards (Sewer)
18 creatures vanquished.

Notes
Turn   | Place    | Note
-------+----------+-------------------------------------------
     0 | D:5      | monsoonserge the Spriggan Delver began the quest for the
                  | Orb.
     0 | D:5      | Reached XP level 1. HP: 11/11 MP: 2/2
    25 | D:4      | Reached XP level 2. HP: 16/16 MP: 3/3
    38 | D:4      | Found a staircase to the Ecumenical Temple.
    49 | Temple   | Entered the Ecumenical Temple
    63 | Temple   | Became a worshipper of Uskayaw the Reveller
    81 | D:4      | Found Xiyle's Armour Boutique.
   110 | D:4      | Found a glowing drain.
   115 | Sewer    | Entered a sewer
   147 | Sewer    | Reached * piety under Uskayaw
   300 | Sewer    | Reached skill level 8 in Stealth
   310 | Sewer    | Reached XP level 3. HP: 19/19 MP: 4/4
   310 | Sewer    | Reached ** piety under Uskayaw
   312 | Sewer    | Reached *** piety under Uskayaw
   413 | Sewer    | Reached skill level 1 in Invocations
   562 | Sewer    | Slain by a ribbon worm

Illustrated notes

Levels and vault maps discovered:
D:4:      layout_loops_ring, nicolae_tso_carved_into_rock,
          minmay_temple_entry_glass, portal_sewer_entry_e, serial_shops,
          nicolae_stop_n_shop_2
D:5:      layout_loops_cross, zin_angel, mainiacjoe_overflow_alcove_2
Temple:   nicolae_temple_bog_church
Sewer:    sewer_fruit_machine

Skill      XL: |  1  2  3 |
---------------+----------+-----
Stealth        | 8 |  8.0
Invocations    | 1 |  1.0
Fighting       | |  2.7
Short Blades   | |  2.7
Dodging        | |  2.9

Action                     || total
---------------------------++-------
  Melee: Short sword       ||    86
         Punch             ||     1
 Invoke: Stomp             ||     1
    Use: Scroll            ||     1
         Potion            ||     1
   Stab: Sleeping          ||     6
 Armour: Robe              ||    18
  Dodge: Dodged            ||    59
